Map: Galactic Process LE

Players

SHICE

  • Race: Zerg Zerg
  • League: Gold

Zoric - Winner!

  • Race: Terran Terran
  • League: Gold

VOD

Have the link to the VOD?

Description

Time

  • Played on: Aug. 29, 2016, 5:37 a.m.
  • Length: 14:14
Show
View Real Time Build Order
Export as new Build Order

SHICE Zerg 

Build Orders: Pool First 

Get SALT Encoding   

  12  0:01  Drone  
  13  0:19  Drone  
  14  0:28  Spawning Pool  
  14  0:34  Overlord  
  13  0:39  Drone  
  14  0:49  Extractor  
  14  0:50  Drone  
  14  0:53  Drone  
  15  1:02  Drone  
  16  1:18  Hatchery  
  16  1:23  Zergling x2  
  16  1:25  Drone  
  16  1:29  Drone  
  18  1:40  Queen  
  20  2:00  Overlord  
  20  2:01  Drone x2  
  22  2:15  Extractor  
  21  2:27  Hatchery  
  19  2:32  Drone  
  20  2:37  Drone  
  20  2:41  Drone  
  20  2:42  Drone  
  23  2:48  Drone  
  24  2:52  Drone  
  24  2:57  Metabolic Boost  
  25  3:02  Zergling x2  
  26  3:09  Queen  
  28  3:13  Drone  
  29  3:24  Drone x4  
  33  3:36  Overlord  
  33  3:37  Drone x2  
  33  3:38  Drone  
  36  3:50  Overlord  
  36  3:59  Drone x2  
  38  4:09  Lair  
  38  4:14  Zergling x16  
  38  4:15  Zergling x2  
  47  4:19  Extractor  
  47  4:20  Extractor  
  47  4:23  Spore Crawler  
  44  4:25  Spore Crawler  
  44  4:28  Drone  
  44  4:29  Drone x2  
  46  4:38  Evolution Chamber  
  45  4:41  Evolution Chamber  
  45  4:43  Queen  
  46  4:47  Drone  
  46  4:52  Drone x2  
  49  4:53  Drone  
  49  4:59  Overlord  
  49  5:10  Drone x6  
  49  5:11  Drone  
  56  5:29  Drone x2  
  58  5:39  Infestation Pit  
  58  5:41  Drone x4  
  58  5:42  Drone x2  
  63  5:43  Spore Crawler  
  62  5:50  Drone x3  
  62  5:52  Overlord x2  
  62  5:56  Overseer  
  60  6:25  Drone x4  
  64  6:32  Drone x2  
  66  6:33  Drone x7  
  73  6:51  Drone  
  73  6:52  Overlord x4  
  73  6:59  Hatchery  
  72  7:02  Hatchery  
  71  7:09  Burrow  
  71  7:11  Drone x4  
  71  7:13  Extractor  
  71  7:14  Extractor  
  73  7:27  Zerg Melee Weapons Level 1  
  73  7:28  Zerg Ground Armor Level 1  
  73  7:31  Hive  
  73  7:36  Hydralisk Den  
  72  7:41  Zergling x18  
  72  7:42  Zergling x4  
  83  7:52  Drone x3  
  86  8:04  Spore Crawler  
  85  8:16  Drone  
  85  8:19  Overseer x2  
  86  8:20  Queen  
  86  8:23  Hydralisk x2  
  86  8:24  Hydralisk x8  
  108  8:39  Hatchery  
  107  8:43  Adrenal Glands  
  107  8:46  Spore Crawler, Queen  
  107  8:47  Overlord x3  
  108  8:52  Muscular Augments  
  108  9:20  Queen  
  108  9:22  Queen x2  
  114  9:24  Zerg Melee Weapons Level 2  
  114  9:35  Ultralisk Cavern  
  114  9:37  Spore Crawler  
  112  9:38  Spore Crawler  
  112  9:40  Drone  
  112  9:41  Spore Crawler, Drone x2  
  112  9:42  Queen  
  112  9:43  Extractor  
  114  9:54  Overseer  
  113  10:01  Drone x3  
  113  10:02  Drone x3  
  113  10:04  Overlord x4  
  119  10:09  Lurker Den  
  110  10:43  Hydralisk x7  
  110  10:44  Hydralisk x5  
  102  11:21  Zergling x6  
  85  11:30  Ultralisk x6  
  98  11:45  Spawning Pool  
  56  12:14  Hydralisk x3  
  32  12:23  Ultralisk Cavern  
  32  12:25  Zergling x6  
  28  12:34  Zergling x6  
  28  12:35  Zergling x4  
  27  12:44  Zergling x2  
  27  12:45  Zergling x20  
  27  12:47  Lurker  
  37  13:01  Zergling x4  
Show
View Real Time Build Order
Export as new Build Order

Zoric Terran - Winner!

Build Orders: MMM Bio 

Get SALT Encoding   

  12  0:00  SCV  
  13  0:13  SCV  
  14  0:18  Supply Depot  
  14  0:25  SCV  
  15  0:43  Barracks  
  15  0:44  SCV  
  15  0:47  Refinery  
  16  0:56  SCV  
  17  1:08  SCV  
  18  1:20  SCV  
  19  1:32  SCV  
  20  1:38  Marine  
  20  1:39  Command Center  
  21  1:44  SCV  
  22  1:59  Bunker, Marine  
  23  2:06  Supply Depot  
  23  2:28  SCV, Marine  
  25  2:40  SCV  
  26  2:45  Refinery  
  26  2:49  Supply Depot  
  26  2:54  Barracks  
  26  2:56  Factory, Orbital Command  
  26  3:05  SCV  
  27  3:19  Barracks Tech Lab, Supply Depot  
  27  3:21  SCV  
  27  3:25  SCV  
  29  3:34  SCV  
  30  3:40  Marauder  
  32  3:41  Stimpack  
  32  3:42  Widow Mine  
  32  3:45  Starport  
  32  3:48  Barracks Reactor  
  34  3:54  SCV  
  35  3:56  Supply Depot  
  35  3:57  SCV  
  35  4:01  Marine  
  37  4:09  SCV, Orbital Command  
  38  4:17  Widow Mine  
  40  4:24  Marine x2  
  40  4:27  Medivac  
  40  4:29  Marine  
  45  4:33  SCV  
  45  4:34  SCV  
  47  4:42  Marine  
  47  4:43  Supply Depot  
  48  4:46  Marine  
  48  4:51  Engineering Bay  
  49  4:54  SCV x2  
  49  4:55  Marine  
  49  4:57  Medivac  
  49  4:59  Marine  
  54  5:03  Marine  
  56  5:14  SCV x2  
  56  5:19  Widow Mine  
  60  5:21  Marine  
  61  5:42  Combat Shields  
  61  5:47  Widow Mine  
  61  5:49  SCV x2  
  64  5:50  Command Center  
  64  6:01  SCV  
  60  6:20  Marine x3  
  63  6:29  Supply Depot  
  63  6:30  SCV x2  
  65  6:34  Refinery  
  65  6:35  Refinery  
  65  6:38  Marine  
  66  6:40  Barracks  
  66  6:42  SCV  
  66  6:44  Viking  
  69  6:53  Marine x2  
  71  6:55  Marine  
  72  7:02  Barracks  
  72  7:04  Barracks  
  72  7:05  Orbital Command  
  72  7:08  SCV  
  72  7:09  SCV  
  72  7:11  Marauder  
  72  7:14  Concussive Shells  
  76  7:16  Starport Reactor  
  76  7:18  Factory Reactor  
  76  7:21  Terran Infantry Weapons Level 1  
  76  7:30  SCV x3  
  76  7:33  Marauder  
  76  7:35  Engineering Bay  
  76  7:36  Barracks Tech Lab  
  81  7:42  SCV  
  82  7:44  Barracks  
  82  7:53  Orbital Command  
  82  8:02  Medivac x2  
  82  8:04  Barracks Tech Lab x2  
  86  8:08  Marauder x2  
  86  8:09  Marine x2  
  92  8:26  Marine  
  92  8:27  Marauder x2, Marine  
  97  8:29  Marauder  
  97  8:33  Supply Depot x2  
  100  8:36  Supply Depot  
  100  8:38  Medivac x2  
  100  8:39  Marauder  
  106  8:42  Barracks Tech Lab  
  106  8:44  Marine x2  
  106  8:48  Marauder x2, Hellion x2  
  118  8:55  Marauder, Armory  
  118  8:59  Marine, Supply Depot  
  118  9:01  SCV, Supply Depot  
  120  9:08  Medivac x2  
  120  9:09  Hellion x2  
  128  9:11  Terran Infantry Armor Level 1  
  128  9:13  SCV  
  128  9:14  Missile Turret  
  129  9:18  Marauder  
  129  9:19  Starport  
  129  9:21  Marauder x2  
  129  9:22  Marauder x2, Marine  
  129  9:23  Marine  
  141  9:39  Marauder  
  141  9:40  Marine x2  
  141  9:42  Marine  
  146  10:15  Marine x2  
  146  10:16  Marine x3  
  146  10:17  Marauder x2  
  146  10:19  Medivac x2  
  159  10:21  Starport Tech Lab  
  158  10:34  Marauder x3  
  158  10:38  Marauder  
  151  10:49  Medivac x2  
  152  10:59  Marine x6  
  158  11:16  Marine  
  158  11:17  Marine x5  
  143  11:34  Marine x2  
  143  11:35  Marine x2  
  143  11:36  Marine x2  
  145  11:46  SCV  
  144  11:52  Marine x4  
  108  12:39  Orbital Command  
  108  12:48  Orbital Command  
  99  13:28  SCV x2  
  99  13:29  Orbital Command  
  99  13:32  Orbital Command  
  101  13:40  SCV  
  103  13:52  SCV  
Tags
 
Composition
MMM Bio
League
GoldGold
Matchup
TvZ
Opening
Pool First
Add a new tag
Caveats
  • Supply blocks, unpowered buildings, or Contaminate may cause inaccurate times.
  • Supply counts are checked every 10 seconds.